Unix NetHack Version 3.7.0-83 Work-in-progress - last build Apr 28 2023 12:05:44 (2625824c38750939014cf799bb7ff71c9e9c2d48,branch:master). Game began 2023-05-01 13:30:14, ended 2023-05-01 14:00:32. tromix, lawful male human Priest -#--- ------ #-------------- |... #.....+# #|............. |...| ------- #|....|#######|............| |....# |.....-# ##......#######-............| |...|####-.....|# ##|....| #|.........$..| |..)| |.....|# ##|..... #-------------- ----- |.....|## ## |....| ##### ------- # ## ------ # ##### # ### # # ## # # # # # # # ## # # # -----# ---.---## ####-.<..# |ina.d|# |...| ..::F@u# ---.- ------- # Tromix the Acolyte St:10 Dx:12 Co:14 In:12 Wi:17 Ch:11 Lawful Dlvl:6 $:148 HP:0(38) Pw:60(60) AC:2 Exp:5 T:4119 Fainted Deaf Latest messages: The violet fungus touches you again! The violet fungus touches you! The violet fungus touches you again! You regain consciousness. You miss the violet fungus. You faint from lack of food. The violet fungus touches you! The violet fungus touches you again! You regain consciousness. You miss the violet fungus. You can hear again. You hit the violet fungus. You faint from lack of food. The yellow light explodes! You seem unaffected by it. You regain consciousness. You hit the violet fungus. You faint from lack of food. The violet fungus touches you! The violet fungus touches you again! You regain consciousness. You faint from lack of food. The violet fungus touches you! The violet fungus touches you again! The violet fungus touches you! The violet fungus just misses! You regain consciousness. You miss the violet fungus. You hit the violet fungus. You faint from lack of food. The violet fungus touches you! The violet fungus touches you again! You regain consciousness. You hit the violet fungus. You faint from lack of food. The violet fungus touches you! The violet fungus touches you again! The violet fungus touches you! The violet fungus touches you again! The violet fungus touches you! The violet fungus touches you again! The pony kicks! The pony bites! The pony kicks! The pony bites! The pony kicks! The pony bites! The pony kicks! You die... Do you want your possessions identified? [ynq] (y) q Inventory: Coins $ - 148 gold pieces Weapons a - a blessed +1 mace Armor i - a rusty +0 orcish helm (being worn) Q - a blessed +1 pair of iron shoes (being worn) c - a +0 small shield (being worn) b - a +0 robe (being worn) k - a +0 leather armor (being worn) Rings G - a cursed -3 ring of adornment U - a ring of cold resistance V - a cursed ring of hunger R - a cursed -1 ring of increase accuracy Wands J - a wand of striking (0:4) C - a wand of teleportation (0:6) Tools f - a sack containing 12 items e - a lock pick F - a blessed magic lamp (lit) O - an oil lamp Contents of the sack: a cursed scroll of teleportation a blessed scroll of magic mapping a scroll of remove curse a scroll of amnesia a scroll of create monster a blessed scroll of light a scroll of identify a spellbook of detect monsters a cursed potion of healing a potion of blindness a potion of hallucination 4 potions of holy water Tromix the Priest's attributes: Background: You were an Acolyte, a level 5 human Priest. You were lawful, on a mission for Ptah who was opposed by Thoth (neutral) and Anhur (chaotic). You were in the Dungeons of Doom, on level 6. You entered the dungeon 4119 turns ago. You had 319 experience points, 1 more was needed to attain level 6. Basics: You had 0 out of 38 hit points. You had all 60 energy points (spell power). Your armor class was 2. Your wallet contained 148 zorkmids. Autopickup was off. Final Characteristics: Your strength was 10 (base:11, limit:18/100). Your dexterity was 12 (limit:18). Your constitution was 14 (limit:18). Your intelligence was 12 (limit:18). Your wisdom was 17 (peak:18, limit:18). Your charisma was 11 (limit:18). Final Status: You were deaf. You were held by a violet fungus (west). You were fainted due to starvation. You were unencumbered. You were bare handed. You were unskilled in bare handed combat. Final Attributes: You were piously aligned. You were guarded. You were unlucky. Ptah was angry with you. You are dead. Miscellaneous: You disabled loading of bones levels. Total elapsed playing time was 30 minutes and 18 seconds. Major events: Turn 1: tromix the lawful human Priest entered the dungeon 611: entered the Gnomish Mines 987: attained the rank of Acolyte (level 3) 2461: attained the rank of Adept (level 6) 2495: reached Mine Town 4119: killed by a pony, while fainted from lack of food Vanquished creatures: a gold golem a bugbear a rock mole 2 yellow lights 7 gnome leaders 3 gnomish wizards 2 elf zombies a kitten 8 dwarves a kobold leader 2 giant bats a wererat a large kobold a hobgoblin a giant rat a brown mold 29 gnomes a gnome zombie 2 geckos 4 jackals a fox 3 goblins a sewer rat 2 bats 5 lichens a kobold zombie 4 newts 87 creatures vanquished. No species were genocided or became extinct. Voluntary challenges: You read items or engraved 2 times. You never engraved Elbereth. You never genocided any monsters. You never polymorphed an object. You used no wishes. Achievements: You entered the Gnomish Mines. You attained the rank of Acolyte. You attained the rank of Adept. You entered Minetown. You entered a shop. You entered a temple. The Dungeons of Doom: levels 1 to 6 Level 1: A grave. Level 2: A fountain. Stairs down to The Gnomish Mines. Level 3: A fountain, a sink. Level 5: A sink. Level 6: <- You were here. Final resting place for you, killed by a pony, while fainted from lack of food. The Gnomish Mines: levels 3 to 6 Level 3: Level 4: Level 5: Level 6: Many shops, a temple to Ptah, many fountains. Game over: ---------- / \ / REST \ / IN \ / PEACE \ / \ | tromix | | 148 Au | | killed by a pony | | | | | | | | 2023 | *| * * * | * _________)/\\_//(\/(/\)/\//\/|_)_______ Goodbye tromix the Priest... You died in The Dungeons of Doom on dungeon level 6 with 2124 points, and 148 pieces of gold, after 4119 moves. You were level 5 with a maximum of 38 hit points when you died.